 Dungeon Crawl Stone Soup version 0.32-a0-18-g89e19f1974 (webtiles) character file.

Game seed: 11837457074780088370

341 runemasterragnar the Ruffian (level 6, -5/51 HPs)
             Began as a Minotaur Shapeshifter on Jan 17, 2024.
             Was a Priest of Makhleb.
             Slain by a sky beast (6 damage)
             ... on level 3 of the Dungeon.
             The game lasted 00:04:13 (3414 turns).

runemasterragnar the Ruffian (MiSh)                 Turns: 3414, Time: 00:04:14

Health: -5/51      AC:  5    Str: 19    XL:     6   Next: 30%
Magic:  5/5        EV: 11    Int: 11    God:    Makhleb [***...]
Gold:   139        SH:  0    Dex:  9    Spells: 5/5 levels left

rFire   . . .        m - +0 halberd
rCold   . . .        (shield currently unavailable)
rNeg    . . .        j - +0 ring mail
rPois   .            (helmet currently unavailable)
rElec   .            (cloak currently unavailable)
rCorr   +            (gloves currently unavailable)
SInv    .            (boots currently unavailable)
Will    .....        (no amulet) Stlth
                     h - ring of resist corrosion
HPRegen 0.28/turn    (no ring)
MPRegen 0.09/turn

%: no passive effects
@: beast-form
A: beast (slay +1), horns 2, retaliatory headbutt, clever 1, low MP 1, evolution
1
a: Begin Untransformation, Renounce Religion, Minor Destruction, Lesser Servant
of Makhleb


You were on level 3 of the Dungeon.
You worshipped Makhleb.
Makhleb was most pleased with you.
You were a hulking beast.
You visited 1 branch of the dungeon, and saw 4 of its levels.

You collected 183 gold pieces.
You spent 44 gold pieces at shops.

Inventory:

Hand Weapons
 m - a +0 halberd (weapon)
Missiles
 n - a throwing net (quivered)
Armour
 a - a +0 animal skin
 j - a +0 ring mail (worn)
 u - a +0 cloak
Jewellery
 h - a ring of resist corrosion (left hand)
Talismans
 c - a beast talisman
 d - a flux talisman
Scrolls
 f - 3 scrolls of teleportation {unknown}
 g - a scroll of noise {unknown}
 i - 3 scrolls of enchant weapon {unknown}
 k - a scroll of poison {unknown}
 o - a scroll of revelation {unknown}
 p - 2 scrolls of blinking {unknown}
 w - a scroll of fog {unknown}
Potions
 b - a potion of lignification
 e - 2 potions of haste
 q - a potion of invisibility {unknown}
 r - 2 potions of attraction
 s - a potion of ambrosia
 t - a potion of resistance
 v - a potion of curing {unknown}


   Skills:
 + Level 3.1 Fighting
 + Level 2.8 Armour
 - Level 2.1 Dodging
 * Level 5.3 Unarmed Combat
 + Level 2.2 Invocations
 + Level 3.1 Shapeshifting


You had 5 spell levels left.
You didn't know any spells.
Your spell library contained the following spells:

 Spells                   Type           Power      Damage    Failure   Level
 Hailstorm                Conj/Ice       0%         3d5       87%         3
 Summon Ice Beast         Ice/Summ       0%         N/A       87%         3
 Sculpt Simulacrum        Ice/Alch       0%         N/A       100%        6
 Haunt                    Necr/Summ      0%         N/A       100%        7
 Borgnjor's Revivificati  Necr           0%         N/A       100%        8
 Death's Door             Necr           0%         N/A       100%        9


Dungeon Overview and Level Annotations

Branches:
Dungeon (4/15)
 Temple: D:4-7

Altars:
Makhleb
Xom

Shops:
D:3 ?(:((


Innate Abilities, Weirdness & Mutations

You are a hulking beast.
Your limbs bulge with bestial killing power. (Slay +1)
You have a pair of horns on your head.
You reflexively headbutt those who attack you in melee.
Your mind is acute. (Int +4, Str/Dex -1)
Your magical capacity is low. (-10% MP)
You have hidden genetic potential.


Message History

The quokka bites you but does no damage.
You miss something. Your headbutt misses something. The quokka misses you.
Something hits you but does no damage. x2; The quokka bites you.
You barely miss something. The quokka closely misses you. Something hits you.
Something shocks you. The quokka closely misses you.
Unknown command.
You barely miss something. Your headbutt misses something.
Something hits you but does no damage.
The quokka bites you but does no damage.
A sky beast appears from thin air!
Reactivating autopickup.
The sky beast hits you. The sky beast shocks you.
You slash the sky beast!
The sky beast is heavily wounded.
The quokka bites you.
The sky beast hits you but does no damage.
The quokka bites you but does no damage.
You barely miss the sky beast.
The sky beast is heavily wounded.
The quokka bites you. The sky beast hits you. The sky beast shocks you.
* * * LOW HITPOINT WARNING * * *
The quokka misses you.
The sky beast hits you but does no damage.
Aiming: Minor Destruction (7% risk of failure)
Press: ? - help, Shift-Dir - straight line, f - sky beast
Aim: a sky beast (heavily wounded)
The glob of acid misses the sky beast.
The glob of acid hits the goblin!!
You kill the goblin!
Makhleb accepts your kill.
You feel better. The quokka closely misses you. The sky beast hits you.
* * * LOW HITPOINT WARNING * * *
The sky beast shocks you.
* * * LOW HITPOINT WARNING * * *
It was a potion of mutation.
You feel extremely strange.
You feel a hidden potential growing inside you.
You feel less energetic.
You feel clever. The quokka closely misses you. The sky beast hits you.
* * * LOW HITPOINT WARNING * * *
The sky beast shocks you.
You die...

#.#.#)# #.#.#.#
#.#.#.#
#.#รท#.########
#####.............
#.....#.#.########
#)###.#.#.# #...
#Y###.#.#.# ###.##
#hr.....#.# #...#.
###.#.#...###...#.
#.#.###..##...##
#.#...........#.
#.######...##.#.
#.#...........#'
#.#.######......
####'#.## ####...
#.......# #...


You could see a sky beast and a quokka.

Vanquished Creatures
  3 crimson imps (D:3)
  4 gnolls (D:2)
  Robin (D:2)
  11 adders
  3 dart slugs
  6 ribbon worms
  7 ball pythons
  5 endoplasms
  3 giant cockroaches
  13 goblins
  6 hobgoblins
  2 jackals (D:3)
  2 kobolds
  6 quokkas
  2 bats
  A frilled lizard (D:2)
  5 rats
80 creatures vanquished.

Notes
Turn   | Place    | Note
-------+----------+-------------------------------------------
     0 | D:1      | runemasterragnar the Minotaur Shapeshifter began the quest
                  | for the Orb.
     0 | D:1      | Reached XP level 1. HP: 16/16 MP: 0/0
    79 | D:1      | Found a faded altar of an unknown god.
    90 | D:1      | Prayed at the altar of an unknown god.
    90 | D:1      | Became a worshipper of Makhleb the Destroyer
    90 | D:1      | Reached * piety under Makhleb
   304 | D:1      | Reached XP level 2. HP: 16/23 MP: 1/1
   776 | D:2      | Reached skill level 1 in Invocations
   776 | D:2      | Reached XP level 3. HP: 29/29 MP: 2/2
   779 | D:2      | Reached skill level 1 in Armour
   779 | D:2      | Reached skill level 4 in Unarmed Combat
   946 | D:2      | Reached ** piety under Makhleb
   985 | D:2      | Reached XP level 4. HP: 25/36 MP: 3/3
  1059 | D:2      | Noticed Robin
  1086 | D:2      | Killed Robin
  2026 | D:3      | Found Yluist's Book Boutique.
  2033 | D:3      | Found Pusyan's Weapon Emporium.
  2041 | D:3      | Found Emau's Antique Weapon Shop.
  2077 | D:3      | Reached *** piety under Makhleb
  2108 | D:3      | Found Jerre's Weapon Boutique.
  2113 | D:3      | Found Naqat's Magic Scroll Boutique.
  2124 | D:3      | Bought a scroll of identify for 22 gold pieces
  2126 | D:3      | Bought a scroll of identify for 22 gold pieces
  2138 | D:3      | Reached XP level 5. HP: 42/42 MP: 5/5
  2832 | D:3      | Found a shimmering altar of Xom.
  2837 | D:3      | Reached skill level 5 in Unarmed Combat
  2845 | D:3      | Reached XP level 6. HP: 50/51 MP: 6/6
  3341 | D:4      | Noticed a sky beast
  3414 | D:3      | Gained mutation: You have hidden genetic potential. [potion
                  | of mutation]
  3414 | D:3      | Gained mutation: Your magical capacity is low. (-10% MP)
                  | [potion of mutation]
  3414 | D:3      | Gained mutation: Your mind is acute. (Int +4, Str/Dex -1)
                  | [potion of mutation]
  3414 | D:3      | HP: 1/51 [sky beast (4)]
  3414 | D:3      | Slain by a sky beast

Illustrated notes

Levels and vault maps discovered:
D:1:      heliophobic_arrival_dark_side_of_the_moon, layout_basic,
          shapermc_ecumenical_altar_mp_ritualfount
D:2:      layout_loops_ring, minmay_pentomino_u2, uniq_robin
D:3:      layout_basic, led_xom_imps, serial_shops, shop,
          nicolae_shop_dealshenge, nicolae_shop_crystal, shop, shop_fountains,
          minmay_snake_closets
D:4:      layout_rooms, okawaru_metal_pillars_3, amcnicky_altar_gilded,
          nicolae_overflow_hidden_temple, st_stairs_5, uniq_eustachio

Skill      XL: |  1  2  3  4  5 |
---------------+----------------+-----
Invocations    | 1 2 |  2.2
Fighting       | 2 3 |  3.1
Armour         | 1 2 |  2.8
Unarmed Combat | 4 5 |  5.3
Shapeshifting  | 3 |  3.1
Dodging        | |  2.1

Action                     |  1- 3 |  4- 6 || total
---------------------------+-------+-------++-------
  Melee: Unarmed           |    39 |    24 ||    63
         Headbutt          |    13 |    18 ||    31
         Halberd           |    25 |   126 ||   151
         Punch             |       |     1 ||     1
 Invoke: Minor Destruction |       |     1 ||     1
    Use: Potion            |       |     4 ||     4
         Scroll            |       |     3 ||     3
 Armour: Animal skin       |     4 |       ||     4
         Ring mail         |    39 |   100 ||   139
         Skin              |       |    36 ||    36
  Dodge: Dodged            |    37 |    82 ||   119

Table legend: (Time is in decaauts)
 A = Elapsed time spent in this place.
 B = Non-inter-level travel time spent in this place.
 C = Inter-level travel time spent in this place.
 D = Time resting spent in this place.
 E = Time spent auto-exploring this place.
 F = Levels seen in this place.
 G = Mean time per level.
                   A        B        C        D        E       F      G
               +--------+--------+--------+--------+--------+-----+--------+
         Total |   3469 |   3414 |     55 |    429 |   2467 |   4 |  867.2 |
       Dungeon |   3469 |   3414 |     55 |    429 |   2467 |   4 |  867.2 |
               +--------+--------+--------+--------+--------+-----+--------+

Top non-repeatable levels by time:
     D:3: 1678 daAuts
     D:2: 1027 daAuts
     D:1: 754 daAuts
     D:4: 9 daAuts
